Map: Terraform LE (Void)

Players

Nina (Lillekanin) - Winner!

  • Race: Terran Terran
  • League: Master

Nerchio

  • Race: Zerg Zerg
  • League: Diamond

Event: Lycan League Weekly August #3

VOD

Have the link to the VOD?

Description

Time

  • Played on: Aug. 17, 2015, 12:57 p.m.
  • Length: 7:24

All games in this series

Show
View Real Time Build Order
Export as new Build Order

Nina Terran - Winner!

Build Orders:  

Get SALT Encoding   

  12  0:09  Supply Depot  
  12  0:18  Refinery  
  12  0:39  Barracks  
  12  0:55  Barracks  
  12  1:03  SCV  
  13  1:16  SCV  
  14  1:26  Reaper  
  15  1:39  SCV  
  16  1:42  Reaper  
  17  1:50  Bunker  
  17  1:58  Reaper  
  17  2:00  Bunker  
  18  2:15  Reaper  
  19  2:22  Orbital Command  
  19  2:31  Reaper  
  20  2:47  Reaper  
  21  3:02  SCV  
  21  3:03  Reaper  
  22  3:14  SCV  
  23  3:24  Supply Depot  
  23  3:32  Supply Depot  
  23  3:36  SCV, Reaper  
  23  3:40  Reaper  
  25  3:48  SCV  
  26  4:01  SCV  
  26  4:08  Reaper  
  25  4:20  SCV  
  26  4:35  SCV  
  26  4:46  Reaper  
  26  4:47  SCV  
  28  4:59  SCV  
  28  5:11  SCV  
  29  5:15  Reaper  
  30  5:23  SCV  
  30  5:36  SCV  
  31  5:48  Reaper  
  31  5:54  SCV  
  31  6:11  SCV  
  29  6:18  Supply Depot  
  26  6:26  Reaper  
  25  6:45  SCV  
  25  6:59  SCV  
Show
View Real Time Build Order
Export as new Build Order

Nerchio Zerg 

Build Orders: Hatch First 

Get SALT Encoding   

  12  0:01  Drone  
  13  0:12  Overlord  
  13  0:17  Drone  
  14  0:31  Drone x2  
  14  0:35  Drone  
  17  0:53  Hatchery  
  17  0:55  Drone  
  17  0:59  Drone, Extractor  
  17  1:14  Spawning Pool  
  17  1:17  Drone  
  17  1:20  Drone  
  18  1:28  Drone  
  19  1:39  Overlord  
  19  1:50  Drone  
  20  2:01  Zergling x2, Queen  
  20  2:02  Metabolic Boost  
  20  2:05  Queen  
  25  2:09  Zergling x2  
  25  2:12  Zergling x2  
  26  2:21  Zergling x2  
  27  2:23  Zergling x2  
  27  2:27  Zergling x2  
  28  2:36  Queen  
  28  2:46  Zergling x4  
  28  2:47  Zergling x2  
  30  2:55  Zergling x4  
  29  3:02  Zergling x2, Queen  
  32  3:08  Zergling x2  
  30  3:16  Zergling x2  
  30  3:17  Zergling x2  
  31  3:21  Zergling x2  
  33  3:27  Zergling x2  
  33  3:30  Queen  
  33  3:32  Zergling x2  
  36  3:45  Zergling x2  
  36  3:47  Queen  
  36  3:52  Zergling x4  
  36  3:55  Zergling x2  
  31  4:05  Zergling x2  
  31  4:06  Zergling x4  
  33  4:10  Zergling x2  
  33  4:14  Zergling x2  
  31  4:18  Zergling x2  
  31  4:22  Zergling x2  
  31  4:25  Zergling x2  
  31  4:29  Zergling x2  
  32  4:41  Zergling x4  
  32  4:46  Zergling x2  
  32  4:48  Zergling x2  
  32  4:54  Queen  
  32  4:56  Zergling x2  
  35  5:00  Zergling x2  
  35  5:10  Overlord  
  35  5:11  Zergling x2  
  32  5:26  Zergling x2  
  31  5:29  Zergling x2  
  31  5:30  Queen  
  29  5:36  Zergling x2  
  29  5:40  Zergling x2  
  31  5:44  Zergling x2  
  30  5:50  Zergling x2  
  30  5:51  Zergling x2  
  31  6:03  Zergling x4  
  31  6:09  Queen  
  33  6:12  Zergling x2  
  33  6:15  Zergling x2  
  32  6:26  Zergling x4  
  33  6:37  Zergling x4  
  31  6:44  Zergling x2  
  31  6:45  Zergling x2  
  30  6:56  Zergling x2  
  30  6:57  Zergling x2  

Tags
 
Add a new tag
Caveats
  • Supply blocks, unpowered buildings, or Contaminate may cause inaccurate times.
  • Supply counts are checked every 10 seconds.